 Dungeon Crawl Stone Soup version 0.22-a0-982-gdd22fea (webtiles) character file.

1819099 araganzar the Conqueror (level 27, 191/191 (196) HPs)
             Began as a Minotaur Archaeologist on Feb 25, 2020.
             Was an Initiate of Gozag.
             Escaped with the Orb
             ... and 3 runes on Feb 26, 2020!
             The game lasted 03:41:16 (67140 turns).

araganzar the Conqueror (Minotaur Archaeologist)   Turns: 67140, Time: 03:41:17

HP:   191/191 (196) AC: 42    Str: 34      XL:     27
MP:   16/16         EV: 31    Int: 11 (12) God:    Gozag
Gold: 4615          SH:  0    Dex: 18      Spells: 19/42 levels left

rFire    + + .     SeeInvis +   a - +12 glaive of Prune {chop}
rCold    + + .     Gourm    +   (shield currently unavailable)
rNeg     + + +     Faith    .   u - +0 storm dragon scales "Xetuokeg" {+Inv rElec} (curse)
rPois    +         Spirit   .   N - +3 crown of Eternal Torment {rTorment HP-- rN+++ SInv *Curse} (curse)
rElec    +         Reflect  .   c - +4 dragonskin cloak
rCorr    .         Harm     .   L - +2 pair of gloves {archery}
MR       ++...                  M - +2 pair of boots {run}
Stlth    ..........             O - amulet "Kuupsupnits" {Gourm *Contam rF++}
HPRegen  1.41/turn              x - ring "Viojoruu" {rPois rN+ Str+6}
MPRegen  0.15/turn              d - ring of the Octopus King {rC+ AC+3 EV+3 Str+3 Int+3 Dex+3}

@: regenerating, bribing [the Dungeon, the Realm of Zot], repel missiles, quick
A: retaliatory headbutt, horns 2, frail 1
0: Orb of Zot
}: 3/15 runes: barnacled, abyssal, gossamer
a: Release Permanent Buffs, Potion Petition, Call Merchant, Bribe Branch,
Renounce Religion, Evoke Invisibility


You escaped.
You worshipped Gozag.
Gozag was most pleased with you.
You were not hungry.
You have taken the pledge of the Ascetic.
You visited 11 branches of the dungeon, and saw 52 of its levels.
You visited the Abyss 3 times.
You visited 1 bazaar.
You also visited: Sewer, Ossuary, Ice Cave and Volcano.

You collected 38619 gold pieces.
You spent 14831 gold pieces at shops.
You paid 19173 gold pieces to Gozag.


Innate Abilities, Weirdness & Mutations

You reflexively headbutt those who attack you in melee.
You are magically regenerating.
You are manifesting your weapon's spirit.
You are repelling missles You have woven a chill thread.
You have a pair of horns on your head.
You are frail. (-10% HP)


   Skills:
 O Level 27 Fighting
 - Level 20.1 Polearms
 - Level 16.0 Throwing
 O Level 27 Armour
 + Level 25.1 Dodging
 - Level 0.7 Stealth
 - Level 8.0 Spellcasting
 - Level 5.0 Hexes
 - Level 6.0 Charms
 - Level 4.1 Summonings
 - Level 4.6 Necromancy
 - Level 6.1 Translocations
 - Level 3.0 Air Magic
 + Level 17.9 Evocations


You had 19 spell levels left.
You knew the following spells:

 Your Spells              Type           Power        Failure   Level  Hunger
a - Chill Thread          Chrm/Ice       ##..         9%          1    None
b - Blink                 Tloc           N/A          3%          2    #......
g - Apportation           Tloc           ###...       2%          1    None
k - Swiftness             Chrm/Air       ##......     7%          2    #......
r - Regeneration          Chrm/Necr      ###.......   10%         3    ###....
s - Spectral Weapon       Hex/Chrm       ###.....     9%          3    ###....
z - Animate Skeleton      Necr           N/A          4%          1    None
A - Animate Dead          Necr           N/A          41%         4    ####...
B - Summon Butterflies    Summ           ##......     5%          1    None
P - Portal Projectile     Hex/Tloc       ###...       9%          3    ###....
R - Repel Missiles        Chrm/Air       ##....       7%          2    #......

Your spell library contained the following spells:

 Spells                   Type           Power        Failure   Level  Hunger
 Cause Fear               Hex            ###.......   36%         4    ####...
 Magic Dart               Conj           #...         28%         1    None
 Fireball                 Conj/Fire      #.........   100%        5    ######.
 Conjure Flame            Conj/Fire      #.......     65%         3    ###....
 Bolt of Fire             Conj/Fire      #.........   100%        6    #######
 Bolt of Cold             Conj/Ice       #.........   100%        6    #######
 Lightning Bolt           Conj/Air       #.........   99%         5    ######.
 Slow                     Hex            ###.....     5%          2    #......
 Haste                    Chrm           ###.....     100%        9    #######
 Confuse                  Hex            ###.....     11%         3    ###....
 Invisibility             Hex            ###.....     99%         6    #######
 Throw Flame              Conj/Fire      #.....       41%         2    #......
 Throw Frost              Conj/Ice       #.....       41%         2    #......
 Freezing Cloud           Conj/Ice/Air   #.........   100%        6    #######
 Mephitic Cloud           Conj/Pois/Air  #.......     50%         3    ###....
 Ring of Flames           Chrm/Fire      ##........   100%        7    #######
 Venom Bolt               Conj/Pois      #.........   100%        5    ######.
 Olgreb's Toxic Radiance  Pois           #.......     96%         4    ####...
 Teleport Other           Tloc           ###.....     7%          3    ###....
 Summon Small Mammal      Summ           ##..         5%          1    None
 Poisonous Cloud          Conj/Pois/Air  #.........   99%         5    ######.
 Pain                     Necr           ##..         4%          1    None
 Control Undead           Necr           ##........   41%         4    ####...
 Vampiric Draining        Necr           ##........   13%         3    ###....
 Sticky Flame             Conj/Fire      #.......     96%         4    ####...
 Summon Ice Beast         Ice/Summ       #.......     77%         4    ####...
 Ozocubu's Armour         Chrm/Ice       ##......     26%         3    ###....
 Call Imp                 Summ           ##......     8%          2    #......
 Sting                    Conj/Pois      #...         28%         1    None
 Tukima's Dance           Hex            ###.....     11%         3    ###....
 Shock                    Conj/Air       #...         16%         1    None
 Recall                   Summ/Tloc      N/A          11%         3    ###....
 Blade Hands              Tmut           #.........   100%        5    ######.
 Statue Form              Tmut/Erth      #........    100%        6    #######
 Ice Form                 Ice/Tmut       #.......     96%         4    ####...
 Dragon Form              Tmut           #.........   100%        7    #######
 Death Channel            Necr           ##........   100%        6    #######
 Deflect Missiles         Chrm/Air       ##........   100%        6    #######
 Airstrike                Air            ##........   63%         4    ####...
 Confusing Touch          Hex            ###...       3%          1    None
 Flame Tongue             Conj/Fire      #....        28%         1    None
 Ignite Poison            Fire/Tmut/Pois #.......     65%         3    ###....
 Sticks to Snakes         Tmut           #.......     41%         2    #......
 Call Canine Familiar     Summ           ##......     16%         3    ###....
 Ensorcelled Hibernation  Hex/Ice        #.....       16%         2    #......
 Metabolic Englaciation   Hex/Ice        #.........   96%         5    ######.
 Silence                  Hex/Air        ##........   83%         5    ######.
 Static Discharge         Conj/Air       #.......     43%         3    ###....
 Corona                   Hex            ###....      3%          1    None
 Alistair's Intoxication  Tmut/Pois      #.......     100%        5    ######.
 Simulacrum               Ice/Necr       #.........   100%        6    #######
 Petrify                  Tmut/Erth      #.......     96%         4    ####...
 Summon Hydra             Summ           ##........   100%        7    #######
 Inner Flame              Hex/Fire       #.......     30%         3    ###....
 Iskenderun's Battlesphe  Conj/Chrm      ##......     93%         5    ######.
 Fulminant Prism          Conj/Hex       #.........   71%         4    ####...
 Dazzling Spray           Conj/Hex       #.....       30%         3    ###....
 Force Lance              Conj/Tloc      ##......     63%         4    ####...
 Searing Ray              Conj           #.....       41%         2    #......
 Discord                  Hex            ###.......   100%        8    #######
 Summon Lightning Spire   Summ/Air       ##......     54%         4    ####...
 Summon Guardian Golem    Hex/Summ       ##......     13%         3    ###....
 Summon Mana Viper        Hex/Summ       ##......     77%         5    ######.
 Hydra Form               Tmut           #.........   100%        6    #######
 Irradiate                Conj/Tmut      #.........   100%        5    ######.
 Cigotuvi's Embrace       Necr           ##........   77%         5    ######.
 Gell's Gravitas          Tloc           ###.......   7%          3    ###....
 Yara's Violent Unravell  Hex/Tmut       #.........   96%         5    ######.
 Lesser Beckoning         Tloc           ###.......   7%          3    ###....
 Poisonous Vapours        Pois/Air       #.....       24%         2    #......
 Ignition                 Fire           #.........   100%        8    #######
 Borgnjor's Vile Clutch   Necr/Erth      #.........   97%         5    ######.
 Phase Shift              Tloc           ###.......   54%         5    ######.
 Blade of Disaster        Conj/Chrm      ##........   93%         5    ######.
 Differential Expansion   Conj/Ice       #.......     65%         3    ###....

Inventory:

Hand Weapons
 a - the +12 glaive of Prune (weapon) {chop}

   It inflicts extra damage upon your enemies.
 E - the +5 demon whip "Spellbinder" {antimagic, MR+}
   (You found it on level 3 of the Depths)

   It reduces the magical energy of the wielder, and disrupts the spells and
   magical abilities of those hit.
   Natural abilities and divine invocations are not affected.
   It affects your resistance to hostile enchantments.
Missiles
 j - 8 curare-tipped needles
 m - 9 throwing nets {=f, !d}
 D - 29 silver javelins (quivered)
 F - 11 javelins of penetration
Armour
 c - the +4 dragonskin cloak (worn)
   (You took it off Tiamat on level 2 of the Realm of Zot)
 u - the cursed +0 storm dragon scales "Xetuokeg" (worn) {+Inv rElec}
   (You bought it in a shop on level 1 of the Lair of Beasts)

   It insulates you from electricity.
   It lets you turn invisible.
   It has a curse placed upon it.
 L - a +2 pair of gloves of archery (worn)
   (You bought it in a shop on level 1 of the Lair of Beasts)
 M - a +2 pair of boots of running (worn)
   (You bought it in a shop in a bazaar)
 N - the cursed +3 crown of Eternal Torment (worn) {rTorment HP-- rN+++ SInv *Curse}
   (You bought it in a shop on level 1 of the Lair of Beasts)

   It renders you almost immune to negative energy.
   It lets you see invisible.
   It curses itself when equipped.
   It has a curse placed upon it.
Jewellery
 d - a ring of the Octopus King (right hand) {rC+ AC+3 EV+3 Str+3 Int+3 Dex+3}
   (You bought it in a shop on level 1 of the Orcish Mines)

   [ring of protection from cold]

   It affects your AC (+3).
   It affects your evasion (+3).
   It affects your strength (+3).
   It affects your intelligence (+3).
   It affects your dexterity (+3).
   It protects you from cold.
 k - an uncursed ring of protection from magic {MR+, !d}
   (You bought it in a shop on level 1 of the Lair of Beasts)
 v - an uncursed ring of protection from fire {rF+, !d}
   (You bought it in a shop on level 1 of the Lair of Beasts)
 w - the ring "Jyopiave" {rN+ AC+2 Int+5 Dex+2}
   (You found it on level 3 of the Spider Nest)

   [ring of protection]

   It affects your AC (+2).
   It affects your intelligence (+5).
   It affects your dexterity (+2).
   It protects you from negative energy.
 x - the ring "Viojoruu" (left hand) {rPois rN+ Str+6}
   (You bought it in a shop on level 1 of the Orcish Mines)

   [ring of positive energy]

   It affects your strength (+6).
   It protects you from poison.
   It protects you from negative energy.
 O - the amulet "Kuupsupnits" (around neck) {Gourm *Contam rF++}
   (You bought it in a shop on level 1 of the Lair of Beasts)

   [amulet of the gourmand]

   It allows you to eat raw meat even when not hungry.
   It greatly protects you from fire.
   It causes magical contamination when unequipped.
Wands
 g - a wand of hasting (2)
   (You found it on level 1 of the Spider Nest)
 i - a wand of iceblast (30)
   (You found it on level 3 of the Spider Nest)
 l - a wand of enslavement (30)
   (You found it on level 6 of the Dungeon)
 o - a wand of clouds (2)
   (You found it on level 10 of the Dungeon)
 q - a wand of acid (29)
   (You found it on level 10 of the Dungeon)
 r - a wand of paralysis (41)
   (You found it on level 10 of the Dungeon)
 z - a wand of disintegration (33)
   (You found it on level 4 of the Spider Nest)
 I - a wand of digging (28)
   (You found it on level 3 of the Vaults)
Miscellaneous
 e - a sack of spiders
 h - a lightning rod (4/4)
   (You found it on level 3 of the Realm of Zot)
 n - a stone of tremors
   (You found it on level 3 of the Crypt)
 B - a harp of healing
   (You bought it in a shop on level 2 of the Orcish Mines)
 C - a fan of gales
   (You found it on level 3 of the Depths)
 G - a box of beasts
 J - a disc of storms
   (You found it on level 3 of the Elven Halls)
 K - a phial of floods
   (You found it on level 3 of the Crypt)
 P - a lamp of fire
   (You found it on level 3 of the Elven Halls)
Comestibles
 f - 17 rations

.†.....#.#.......#.#
#......#
######.###########.#
#......#
#................#
#......#
##.#...#########.#
########
#.....###### #.#
####.......####.#
#.......#..#.#
#?......+....#
#.#######.@#.# #†#
###.'..#.#
#.###.4.####.#
#.##...## #.#
#.##..## #.#
#####.#...## #.#
#.....#..†.# #.#
#.##..#....#####(#
###..#..#....##....#


You could see a hellwing.


Message History

There is a stone staircase leading up here.
(D) Dungeon (T) Temple (L) Lair (A) Shoals (N) Spider Nest (M) Slime Pits (O) Orcish Mines (E) Elven Halls (V) Vaults (C) Crypt (W) Tomb (U) Depths (H) Hell (Z) Zot
Where to? (Enter - D:1, ? - help)
There is a stone staircase leading up here.
You climb upwards.
There is a stone staircase leading down, spattered with blood here.
There is a stone staircase leading up here.
You climb upwards.
Level annotation: exclusion: Sigmund, Sigmund
There is a stone staircase leading down here.
An Orb Guardian comes into view.
Your Orb Guardian grins greedily, jangling a coin purse.
There is a stone staircase leading up here.
You climb upwards.
There is a stone staircase leading down here.
(D) Dungeon (T) Temple (L) Lair (A) Shoals (N) Spider Nest (M) Slime Pits (O) Orcish Mines (E) Elven Halls (V) Vaults (C) Crypt (W) Tomb (U) Depths (H) Hell (Z) Zot
Where to? (Enter - D:1, ? - help) You're already here!
You see here 29 stones.
A hellwing comes into view.
The hellwing gives a chilling moan.
You hear an angry hiss.
The ball python hisses angrily.
There is a staircase leading out of the dungeon here.
You have escaped!

Action                   |  1- 3 |  4- 6 |  7- 9 | 10-12 | 13-15 | 16-18 | 19-21 | 22-24 | 25-27 || total
-------------------------+-------+-------+-------+-------+-------+-------+-------+-------+-------++-------
Melee: Whip              |    81 |   125 |       |     6 |       |       |       |       |       ||   212
       Headbutt          |    11 |    22 |     9 |    72 |   161 |   232 |   398 |   309 |   523 ||  1737
       Glaive            |       |    24 |   217 |   482 |  1039 |  1319 |  1510 |  1483 |  2120 ||  8194
       Broad axe         |       |       |       |       |    17 |       |       |       |       ||    17
Throw: Tomahawk          |       |       |       |     2 |     1 |    10 |       |       |       ||    13
       Javelin           |       |       |       |     3 |    29 |    34 |       |     1 |    14 ||    81
 Cast: Repel Missiles    |       |       |       |       |     1 |       |       |     1 |     5 ||     7
       Chill Thread      |       |       |       |       |     1 |       |       |     1 |     4 ||     6
       Regeneration      |       |       |       |       |       |     1 |       |     1 |     5 ||     7
       Spectral Weapon   |       |       |       |       |       |       |       |     2 |     5 ||     7
       Portal Projectile |       |       |       |       |       |       |       |       |     1 ||     1
Invok: Call Merchant     |       |       |       |     3 |     2 |     2 |       |     3 |       ||    10
       Potion Petition   |       |       |       |     1 |       |       |       |       |       ||     1
       Bribe Branch      |       |       |       |       |       |       |       |       |     2 ||     2
Evoke: Wand              |       |       |       |     4 |    11 |    12 |     4 |     3 |    13 ||    47
       Box of beasts     |       |       |       |       |       |       |       |       |     2 ||     2
       Phantom mirror    |       |       |       |       |       |       |       |       |     1 ||     1
 Stab: Sleeping          |     1 |     4 |     8 |     4 |       |       |       |       |       ||    17
       Distracted        |       |     1 |     2 |     5 |    21 |    14 |    18 |    19 |    52 ||   132
       Invisible         |       |       |       |     1 |       |       |       |     1 |       ||     2
       Confused          |       |       |       |       |     3 |       |       |       |     1 ||     4
       Petrified         |       |       |       |       |     5 |       |       |       |       ||     5
       Petrifying        |       |       |       |       |     1 |       |       |       |       ||     1
       Held in net/web   |       |       |       |       |       |     1 |       |       |       ||     1
       Paralysed         |       |       |       |       |       |       |       |       |     1 ||     1
  Eat: Chunk             |       |     6 |     4 |       |       |     1 |       |       |       ||    11
       Ration            |       |       |     3 |     6 |    12 |    11 |     9 |    13 |    14 ||    68
Armor: Robe              |    36 |    28 |    35 |    52 |       |       |       |       |       ||   151
       Chain mail        |       |       |       |   112 |   371 |   411 |   301 |   349 |       ||  1544
       Storm dragon scal |       |       |       |       |       |       |       |       |   431 ||   431
Dodge: Dodged            |    84 |   110 |   108 |   280 |   468 |   921 |   667 |   806 |  1272 ||  4716
       Deflected         |       |       |       |       |    46 |    45 |    52 |    97 |    40 ||   280

Vault maps used:
D:1:      dpeg_arrival_ratfight
D:2:      elyvilon_altar_3, minmay_misc_feat_hallway, kennysheep_generic_room_8,
          uniq_natasha, uniq_robin, uniq_sigmund
D:3:      kiku_gazebo_garden_becter, first_ration
D:4:      cheibrodos_helix_gallery, portal_sewer_entry_a, serial_shops, shop
D:5:      minmay_temple_entry_water_ring, serial_shops,
          nicolae_shop_window_shopping, hex_medium, uniq_menkaure
D:6:      okawaru_ov_weapons_minmay
D:7:      kennysheep_mini, serial_shops, shop_fountains, enter_ossuary_3,
          uniq_crazy_yiuf_cottage, uniq_joseph
D:8:      kennysheep_generic_room_15
D:10:     minmay_lair_entry_lava
D:11:     erik_orc_1, uniq_urug, uniq_snorg
D:12:     portal_ice_cave_entry_pillars_2, hangedman_stone_soup
D:13:     minmay_goldmine, lightli_vaults_fourway_checkpoint,
          kennysheep_big_empty_room
D:14:     lemuel_ice_spiral_2, serial_shops, shop, corexii_leaking_fountain,
          minmay_more_statues
D:15:     grunt_enter_depths_giant_problem, minmay_door_square, uniq_louise
Temple:   regret_index_temple_chain_breaker
Lair:1:   kb_forest_paths, uniq_harold
Lair:2:   enter_volcano_4
Lair:3:   elwin_shoals_entry_rocks, spider_nest_entry_web_field, minivault_24
Lair:4:   nicolae_quartered_pool_medium
Lair:6:   hangedman_lair_in_review, slime_altar_1
Shoals:1: uniq_kirke
Shoals:2: serial_shops, nicolae_shop_competitors_out_of_business,
          nicolae_shoals_square_sea_wall,
          nicolae_shoals_siren_and_animal_friends
Shoals:3: centaur_isle
Shoals:4: shoals_end_grunt_ice, uniq_polyphemus
Spider:1: spider_trap, guppyfry_spider_mini_2, uniq_rupert
Spider:2: hangedman_stitches_earthworm
Spider:3: lemuel_spider_zombies, spiders_nest_the_unseen, uniq_norris
Spider:4: spider_rune_water, spiders_nest_hornet_nest, uniq_roxanne
Orc:1:    serial_shops, shop
Orc:2:    st_orc_rangers, basic_altar, sword_in_stone
Elf:1:    minmay_elf_arrival_circle, serial_shops, nicolae_shop_behind_doors,
          minmay_elf_necromancy
Elf:2:    elves_outpost_lemuel
Elf:3:    nooodl_elf_gasket, basic_altar, billiards_dpeg
Vaults:1: v_misc_18, hangedman_vaults_slice, vaults_room_fours,
          vaults_mumra_hexcomb, vaults_room_hallway, vaults_room_boxed
Vaults:2: minmay_crypt_entry_simple_corners, v_misc_10, v_misc_10,
          nicolae_vaults_network_square, grunt_vaults_diagonal, v_alt_pattern_2,
          nicolae_vaults_little_squares_4, grunt_vaults_focal,
          vaults_room_guarded_vault, v_misc_9, grunt_vaults_funnel, uniq_sojobo
Vaults:3: nicolae_vaults_twisting_passages, nicolae_vaults_circle_grid_b,
          st_star, v_misc_18, nicolae_vaults_little_squares_2, v_misc_2,
          vaults_standard_mumra_lines, hangedman_vaults_variations,
          hangedman_vaults_river_flow, nicolae_vaults_circle_grid_b,
          ontoclasm_vaults_bender, nicolae_vaults_shelves_hall
Vaults:4: nicolae_vaults_an_arrangement, nicolae_vaults_little_squares_3,
          vaults_room_grunt_arrival_ludios, v_alt_pattern_2,
          nicolae_vaults_alarming, vaults_mumra_chevron_long, v_alt_pattern_4,
          v_rooms_6, vaults_dpeg_ring, hangedman_vaults_capsules,
          ontoclasm_vaults_hangar, nicolae_vaults_border_crossing
Crypt:2:  uniq_bai_suzhen
Crypt:3:  evilmike_haunted_forest
Depths:1: grunt_hell_entry_dis_grunt, minmay_fountain_box, nrook_mini_vaults,
          st_stairs_14, nicolae_twisting_strands, hex_large, solitary_fountain,
          spider_trap, corexii_corridor_pit
Depths:2: cheibrodos_poisonous_passages, minmay_misc_feat_encased,
          hangedman_geh_valley, nicolae_abyss_entry_one_way_or_another,
          nicolae_blasting_shop, minmay_shop_grove
Depths:3: minmay_broken_ring, serial_shops, statue_bzr,
          hangedman_tar_grid_catacomb, minmay_misc_feat_pillars,
          rand_demon_pan_entry_9, infiniplex_staircase_spiral_double
Depths:4: kennysheep_funnel, serial_sigils_hangedman_quiver,
          abyss_entry_flame_altar, hell_entry, serial_bayou_pond_b,
          grunt_megastairs_3, minmay_shoptagon, infiniplex_staircase_trident,
          serial_bayou_shore_b
Depths:5: grunt_twist_and_shout, enter_ziggurat_b, grunt_metal_band,
          serial_sigils_hangedman_gut, guppyfry_shop_earth
Zot:1:    kennysheep_blocky_room, hangedman_player_shredder
Zot:2:    lemuel_draconian_sentries_small, st_grand_hoard_of_tiamat
Zot:3:    grunt_megastairs_1
Zot:4:    hangedman_snap_crack_crunch
Abyss:2:  gammafunk_corrupted_shrine, serial_sigils_hangedman_quiver,
          evilmike_abyss_exit_16, minivault_23
Abyss:3:  hangedman_decor_peaks_small, grunt_abyss_rune_forest_and_sorcery,
          bh_abyss_exit_grid, evilmike_abyss_exit_chaos,
          nicolae_abyss_rune_star_stuff, minivault_11
Abyss:4:  guppyfry_abyss_exit_glass_guarded, due_exit_kobolds,
          evilmike_abyss_rune_siren_acolytes, guppyfry_abyss_exit_spiral_guarded
Abyss:5:  evilmike_abyss_exit_chaos, nicolae_abyss_rune_star_stuff
Abyss:6:  evilmike_abyss_exit_5, minivault_28, bh_abyss_negative,
          evilmike_abyss_exit_glass, lemuel_flamethrower_3
Bazaar:   bazaar_minmay_cross
Sewer:    sewer_frog_island_02
Ossuary:  ossuary_minmay_chase
IceCv:    ice_cave_small_dragons
Volcano:  volcano_village

Notes
Turn   | Place    | Note
-------+----------+-------------------------------------------
     0 | D:1      | araganzar the Minotaur Archaeologist began the quest for the Orb.
     0 | D:1      | Reached XP level 1. HP: 19/19 MP: 0/0
    33 | D:1      | Reached skill level 4 in Fighting
    85 | D:1      | Reached XP level 2. HP: 28/28 MP: 1/1
   493 | D:1      | Reached skill level 5 in Fighting
   560 | D:2      | Noticed Robin
   568 | D:2      | Reached XP level 3. HP: 34/36 MP: 2/2
   689 | D:1      | Killed Robin
   816 | D:2      | Noticed Natasha
   876 | D:2      | Reached skill level 1 in Polearms
   880 | D:2      | Reached XP level 4. HP: 41/44 MP: 2/3
   882 | D:2      | Reached skill level 2 in Polearms
  1096 | D:2      | Reached skill level 3 in Polearms
  1138 | D:2      | Killed Natasha
  1138 | D:2      | Reached skill level 4 in Polearms
  1454 | D:2      | Noticed Sigmund
  1558 | D:2      | Noticed Natasha
  1570 | D:2      | Killed Natasha
  1570 | D:2      | Reached skill level 5 in Polearms
  1570 | D:2      | Reached XP level 5. HP: 40/50 MP: 4/4
  1606 | D:2      | Noticed Natasha
  1612 | D:2      | Killed Natasha
  1612 | D:2      | Reached skill level 6 in Polearms
  1884 | D:2      | Found a white marble altar of Elyvilon.
  2191 | D:3      | Reached skill level 7 in Polearms
  2227 | D:3      | Found an ancient bone altar of Kikubaaqudgha.
  2297 | D:3      | Reached XP level 6. HP: 53/57 MP: 5/5
  2420 | D:3      | Reached skill level 8 in Polearms
  2682 | D:4      | Reached skill level 6 in Fighting
  2682 | D:4      | Reached skill level 1 in Armour
  2724 | D:4      | Found a glowing drain.
  2739 | Sewer    | Entered a sewer
  2744 | Sewer    | Reached XP level 7. HP: 63/63 MP: 6/6
  2794 | Sewer    | Reached skill level 2 in Armour
  2854 | Sewer    | Reached skill level 4 in Dodging
  2898 | Sewer    | Reached skill level 9 in Polearms
  3222 | D:4      | Reached skill level 3 in Armour
  3365 | D:4      | Found Quraqomasa's General Store.
  3681 | D:5      | Entered Level 5 of the Dungeon
  3682 | D:5      | Reached skill level 7 in Fighting
  3720 | D:5      | Reached XP level 8. HP: 73/73 MP: 6/7
  3806 | D:5      | Found Doicuapt's Magic Scroll Emporium.
  3880 | D:5      | Reached skill level 5 in Dodging
  3895 | D:5      | Reached skill level 4 in Armour
  3981 | D:5      | Found a staircase to the Ecumenical Temple.
  3994 | Temple   | Entered the Ecumenical Temple
  4077 | Temple   | Became a worshipper of Gozag Ym Sagoz the Greedy
  4192 | D:5      | Noticed Menkaure
  4195 | D:5      | Killed Menkaure
  4753 | D:4      | Bought a ration for 50 gold pieces
  4921 | D:6      | Reached skill level 10 in Polearms
  4921 | D:6      | Reached skill level 5 in Armour
  4924 | D:6      | Reached skill level 8 in Fighting
  4979 | D:6      | Found an iron altar of Okawaru.
  5053 | D:6      | Reached skill level 6 in Dodging
  5511 | D:7      | Found a sand-covered staircase.
  5516 | D:7      | Noticed Joseph
  5527 | D:7      | Killed Joseph
  5527 | D:7      | Reached XP level 9. HP: 41/82 MP: 8/8
  5532 | D:7      | Reached skill level 6 in Armour
  5817 | Ossuary  | Entered an ossuary
  5986 | D:7      | Reached skill level 9 in Fighting
  6039 | D:7      | Reached skill level 7 in Dodging
  6043 | D:7      | Found a glowing silver altar of Zin.
  6068 | D:7      | Found Raebbyps's Book Boutique.
  6215 | D:7      | Reached skill level 7 in Armour
  6223 | D:7      | Reached skill level 11 in Polearms
  6518 | D:7      | Found a runed door.
  6522 | D:7      | Noticed Crazy Yiuf
  6526 | D:7      | Killed Crazy Yiuf
  6716 | D:8      | Noticed plsesad's ghost (novice DsAc)
  6723 | D:8      | Killed plsesad's ghost
  6723 | D:8      | Reached XP level 10. HP: 55/93 MP: 9/9
  6792 | D:8      | Reached skill level 10 in Fighting
  6792 | D:8      | Reached skill level 8 in Dodging
  7151 | D:8      | Reached skill level 8 in Armour
  8200 | D:10     | Entered Level 10 of the Dungeon
  8231 | D:10     | Reached skill level 12 in Polearms
  8297 | D:10     | Reached skill level 9 in Armour
  8297 | D:10     | Reached skill level 9 in Dodging
  8351 | D:10     | Reached skill level 11 in Fighting
  8391 | D:10     | Found a staircase to the Lair.
  8413 | D:10     | Reached XP level 11. HP: 35/102 MP: 10/10
  8853 | D:10     | Killed an unseen horror
  9315 | D:11     | Noticed Snorg
  9322 | D:11     | Killed Snorg
  9347 | D:11     | Noticed a cyan ugly thing
  9359 | D:11     | Killed a cyan ugly thing
  9611 | D:11     | Reached skill level 10 in Armour
  9612 | D:11     | Noticed Urug
  9629 | D:11     | Killed Urug
  9999 | D:11     | Reached skill level 1 in Throwing
 10033 | D:11     | Found a staircase to the Orcish Mines.
 10389 | D:12     | Reached skill level 2 in Throwing
 10394 | D:12     | Reached skill level 13 in Polearms
 10395 | D:12     | Noticed plsesad's ghost (journeyman DsAc)
 10396 | D:12     | Noticed a two-headed ogre
 10416 | D:12     | Killed plsesad's ghost
 10418 | D:12     | Killed a two-headed ogre
 10418 | D:12     | Reached skill level 12 in Fighting
 10418 | D:12     | Reached skill level 3 in Throwing
 10455 | D:12     | Noticed a deep elf mage
 10461 | D:12     | Killed a deep elf mage
 10461 | D:12     | Reached skill level 4 in Throwing
 10670 | D:12     | Reached XP level 12. HP: 71/112 MP: 10/11
 10684 | D:12     | Noticed a two-headed ogre
 10694 | D:12     | Killed a two-headed ogre
 10694 | D:12     | Reached skill level 5 in Throwing
 10694 | D:12     | Reached skill level 11 in Armour
 10721 | D:12     | Found a frozen archway.
 10878 | IceCv    | Entered an ice cave
 11273 | IceCv    | Reached skill level 6 in Throwing
 11296 | IceCv    | Noticed an ice dragon
 11296 | IceCv    | Noticed an ice dragon
 11306 | IceCv    | Killed an ice dragon
 11313 | IceCv    | Killed an ice dragon
 11329 | IceCv    | Got a serpentine iron ring
 11330 | IceCv    | Identified the ring of Wu Jian's Fury {rC++ Str+2 Stlth-} (You found it in an ice cave)
 12065 | Lair:1   | Entered Level 1 of the Lair of Beasts
 12269 | Lair:1   | Reached skill level 7 in Throwing
 12397 | Lair:1   | Noticed Harold
 12407 | Lair:1   | Killed Harold
 12407 | Lair:1   | Reached skill level 13 in Fighting
 12407 | Lair:1   | Reached skill level 14 in Polearms
 13021 | Lair:1   | Bought an uncursed ring of protection from fire for 450 gold pieces
 13088 | Lair:2   | Noticed a five-headed hydra
 13103 | Lair:2   | Reached skill level 8 in Throwing
 13116 | Lair:2   | Killed a five-headed hydra
 13119 | Lair:2   | Reached skill level 12 in Armour
 13120 | Lair:2   | Reached XP level 13. HP: 37/122 MP: 12/12
 13587 | Lair:2   | Found a dark tunnel.
 13592 | Volcano  | Entered a volcano
 13641 | Volcano  | Reached skill level 9 in Throwing
 14066 | Lair:2   | Got a brightly glowing leather armour
 14383 | Lair:2   | Learned a level 2 spell: Repel Missiles
 14386 | Lair:2   | Learned a level 2 spell: Swiftness
 14388 | Lair:2   | Learned a level 1 spell: Apportation
 14453 | Lair:3   | Found a hole to the Spider Nest.
 14714 | Lair:3   | Reached skill level 1 in Charms
 14714 | Lair:3   | Reached skill level 1 in Air Magic
 14715 | Lair:3   | Reached skill level 1 in Spellcasting
 14770 | Lair:3   | Reached skill level 2 in Air Magic
 14782 | Lair:3   | Reached skill level 2 in Spellcasting
 14782 | Lair:3   | Reached skill level 2 in Charms
 14937 | Lair:3   | Reached skill level 15 in Polearms
 15434 | Lair:3   | Found a staircase to the Shoals.
 15979 | Lair:4   | Reached skill level 3 in Air Magic
 16454 | Lair:4   | Reached XP level 14. HP: 70/129 MP: 16/17
 16624 | Lair:4   | Reached skill level 16 in Polearms
 17255 | Lair:5   | Reached skill level 10 in Dodging
 17333 | Lair:5   | Identified the Compendium of Damage Dealing
 17680 | Lair:6   | Entered Level 6 of the Lair of Beasts
 18772 | Lair:6   | Found a viscous altar of Jiyva.
 18772 | Lair:6   | Found a staircase to the Slime Pits.
 18867 | Lair:6   | Reached skill level 14 in Fighting
 19317 | Lair:6   | Reached skill level 13 in Armour
 19439 | Lair:6   | Reached skill level 17 in Polearms
 19983 | D:13     | Found a gate to the Vaults.
 20008 | D:13     | Reached skill level 10 in Throwing
 20020 | D:13     | Reached skill level 11 in Dodging
 20347 | D:13     | Reached XP level 15. HP: 130/139 MP: 12/18
 21181 | D:14     | Found Vucrucij's Assorted Antiques.
 21239 | D:14     | Bought a pair of embroidered gloves for 187 gold pieces
 21239 | D:14     | Bought a wooden wand for 100 gold pieces
 21701 | D:15     | Entered Level 15 of the Dungeon
 21921 | D:15     | Reached skill level 14 in Armour
 21930 | D:15     | Reached skill level 15 in Fighting
 21975 | D:15     | Noticed a fire giant
 22148 | D:15     | Found a staircase to the Depths.
 22153 | D:15     | Killed a fire giant
 22405 | D:15     | Learned a level 1 spell: Chill Thread
 22684 | D:15     | Reached skill level 12 in Dodging
 22688 | D:15     | Noticed Louise
 22708 | D:15     | Killed Louise
 23126 | Orc:1    | Entered Level 1 of the Orcish Mines
 23246 | Orc:2    | Entered Level 2 of the Orcish Mines
 23294 | Orc:1    | Reached skill level 18 in Polearms
 23310 | Orc:1    | Found Yjuekoni's Jewellery Shoppe.
 23360 | Orc:1    | Bought a ring of the Octopus King {rC+ AC+3 EV+3 Str+3 Int+3 Dex+3} for 1065 gold pieces
 23360 | Orc:1    | Found the ring of the Octopus King {rC+ AC+3 EV+3 Str+3 Int+3 Dex+3}
 23362 | Orc:1    | Bought an uncursed amulet of rage for 560 gold pieces
 23362 | Orc:1    | Bought the ring "Viojoruu" {rPois rN+ Str+6} for 613 gold pieces
 23457 | Orc:2    | Found a roughly hewn altar of Beogh.
 23913 | Orc:2    | Reached skill level 1 in Evocations
 23921 | Orc:2    | Reached skill level 2 in Evocations
 23982 | Orc:2    | Reached skill level 3 in Evocations
 24437 | Orc:2    | Found a staircase to the Elven Halls.
 24621 | Orc:2    | Found Sitt's Food Emporium.
 24621 | Orc:2    | Found Cusch's Weapon Shop.
 24623 | Orc:2    | Found Enanim's Weapon Boutique.
 24625 | Orc:2    | Found Urosox's Gadget Shoppe.
 24637 | Orc:2    | Bought a wand of acid (10) for 308 gold pieces
 24637 | Orc:2    | Bought a harp of healing for 440 gold pieces
 24674 | Orc:2    | Reached skill level 4 in Evocations
 25050 | Orc:1    | Bought an uncursed amulet of the acrobat for 420 gold pieces
 25251 | Spider:1 | Entered Level 1 of the Spider Nest
 25258 | Lair:3   | Reached XP level 16. HP: 145/149 MP: 17/19
 25525 | Spider:1 | Reached skill level 5 in Evocations
 25749 | Spider:1 | Reached skill level 6 in Evocations
 26176 | Spider:2 | Reached skill level 19 in Polearms
 26183 | Spider:2 | Reached skill level 7 in Evocations
 26196 | Spider:2 | Noticed Rupert
 26200 | Spider:2 | Killed Rupert
 27217 | Spider:3 | Reached skill level 8 in Evocations
 27620 | Spider:3 | Noticed Norris
 27697 | Lair:1   | Bought an uncursed ring of see invisible for 270 gold pieces
 27785 | Spider:3 | Killed Norris
 27785 | Spider:3 | Reached skill level 20 in Polearms
 27789 | Spider:3 | Learned a level 2 spell: Blink
 27928 | Spider:3 | Reached XP level 17. HP: 135/156 MP: 21/22
 28380 | Spider:3 | Reached skill level 1 in Translocations
 28383 | Spider:3 | Reached skill level 3 in Spellcasting
 28699 | Spider:3 | Got a clouded lapis lazuli ring
 28767 | Spider:3 | Identified the ring "Jyopiave" {rN+ AC+2 Int+5 Dex+2} (You found it on level 3 of the Spider Nest)
 29066 | Spider:4 | Entered Level 4 of the Spider Nest
 29402 | Spider:4 | Noticed Roxanne
 29436 | Spider:4 | Reached skill level 2 in Translocations
 29520 | Spider:4 | Reached skill level 3 in Charms
 29522 | Spider:4 | Reached skill level 15 in Armour
 30083 | Spider:4 | Reached skill level 3 in Translocations
 30298 | Spider:4 | Reached skill level 11 in Throwing
 31106 | Spider:4 | Reached skill level 16 in Fighting
 31111 | Spider:4 | Got a gossamer rune of Zot
 31524 | Shoals:1 | Entered Level 1 of the Shoals
 31524 | Shoals:1 | Noticed Kirke
 31534 | Shoals:1 | Killed Kirke
 31548 | Shoals:1 | Reached skill level 4 in Translocations
 31722 | D:7      | Bought a book of Necromancy for 390 gold pieces
 31724 | D:7      | Learned a level 1 spell: Animate Skeleton
 31728 | D:7      | Learned a level 3 spell: Regeneration
 31733 | D:7      | Learned a level 4 spell: Animate Dead
 32413 | Shoals:2 | Found Nonarhil's Distillery.
 32423 | Shoals:2 | Noticed plsesad's ghost (adept DsAc)
 32432 | Shoals:2 | Killed plsesad's ghost
 32432 | Shoals:2 | Reached skill level 1 in Necromancy
 32580 | Shoals:2 | Reached skill level 2 in Necromancy
 32692 | Shoals:2 | Reached skill level 3 in Necromancy
 33087 | Shoals:3 | Reached skill level 4 in Necromancy
 33087 | Shoals:3 | Reached XP level 18. HP: 166/166 MP: 11/23
 33743 | Shoals:4 | Entered Level 4 of the Shoals
 34009 | Shoals:4 | Noticed Polyphemus
 34023 | Shoals:4 | Killed Polyphemus
 34039 | Shoals:4 | Reached skill level 16 in Armour
 34388 | Shoals:4 | Reached skill level 13 in Dodging
 34481 | Shoals:4 | Reached skill level 12 in Throwing
 34532 | Shoals:4 | Got a barnacled rune of Zot
 34690 | Shoals:4 | Got an ichor-stained cloak
 34701 | Shoals:4 | Identified the +2 cloak "Ziab" {-Cast rC+ rN+} (You found it on level 4 of the Shoals)
 35034 | Lair:1   | Bought the macabre finger necklace {rN+} for 760 gold pieces
 35034 | Lair:1   | Found the macabre finger necklace {rN+}
 35158 | Vaults:1 | Entered Level 1 of the Vaults
 35596 | Vaults:1 | Reached skill level 17 in Fighting
 35884 | Vaults:1 | Cast into level 2 of the Abyss (a wizard)
 35908 | Abyss:2  | Found a transporter.
 35913 | Abyss:2  | Found a corrupted altar of Lugonu.
 35970 | Abyss:2  | Found a corrupted altar of Lugonu.
 36231 | Abyss:2  | Reached XP level 19. HP: 136/141 MP: 16/24
 36238 | Vaults:1 | Escaped the Abyss
 36440 | Vaults:1 | Reached skill level 17 in Armour
 36708 | Vaults:2 | Reached skill level 14 in Dodging
 36770 | Vaults:2 | Reached skill level 13 in Throwing
 37129 | Vaults:2 | Reached skill level 18 in Fighting
 37237 | Vaults:2 | Found a staircase to the Crypt.
 37586 | Vaults:2 | Noticed Sojobo
 37644 | Vaults:2 | Killed Sojobo
 37904 | Vaults:2 | Reached skill level 18 in Armour
 37923 | Vaults:2 | Got a brightly glowing scale mail
 38046 | Vaults:3 | Reached skill level 15 in Dodging
 38098 | Vaults:3 | Reached XP level 20. HP: 183/189 MP: 16/25
 38255 | Vaults:3 | Reached skill level 14 in Throwing
 38690 | Vaults:3 | Paralysed by a wizard for 2 turns
 39206 | Vaults:3 | Reached skill level 19 in Fighting
 39873 | Vaults:4 | Reached skill level 16 in Dodging
 40050 | Vaults:4 | Reached skill level 19 in Armour
 40367 | Vaults:4 | Reached skill level 15 in Throwing
 40540 | Crypt:1  | Entered Level 1 of the Crypt
 40559 | Crypt:2  | Noticed Bai Suzhen
 40644 | Crypt:1  | Noticed plsesad's ghost (adept DsAc)
 40709 | Crypt:1  | Killed plsesad's ghost
 40709 | Crypt:1  | Reached XP level 21. HP: 169/199 MP: 18/26
 41758 | Crypt:3  | Entered Level 3 of the Crypt
 42056 | Crypt:3  | Reached skill level 20 in Fighting
 42387 | Crypt:3  | Found a staircase to the Tomb.
 42621 | Crypt:3  | Found an ancient bone altar of Kikubaaqudgha.
 42626 | Crypt:3  | Reached skill level 17 in Dodging
 42770 | Crypt:3  | Noticed an ancient lich
 42802 | Crypt:3  | Killed an ancient lich
 42802 | Crypt:3  | Reached skill level 20 in Armour
 43094 | Crypt:3  | Reached skill level 16 in Throwing
 43775 | Crypt:3  | Gained mutation: You are frail. (-10% HP) [mutagenic glow]
 43842 | Crypt:3  | Got a translucent brass amulet
 44039 | Crypt:2  | Killed Bai Suzhen
 44039 | Crypt:2  | Reached XP level 22. HP: 173/189 MP: 21/27
 44535 | Lair:1   | Bought a manual of Fighting for 1656 gold pieces
 44538 | Lair:1   | Bought a pair of embroidered gloves for 300 gold pieces
 44553 | Lair:1   | Bought an uncursed ring of protection from magic for 450 gold pieces
 44742 | Elf:1    | Entered Level 1 of the Elven Halls
 45110 | Elf:1    | Got a crude robe
 45306 | Elf:1    | Found Zimiw's Magic Scroll Emporium.
 45354 | Elf:1    | Reached skill level 21 in Fighting
 45391 | Elf:1    | Identified the Disquisition on Sinister Rituals
 45563 | Elf:2    | Cast into level 3 of the Abyss (flail of distortion)
 45603 | Abyss:3  | Found a corrupted altar of Lugonu.
 45775 | Abyss:3  | Reached skill level 4 in Charms
 45800 | Elf:2    | Escaped the Abyss
 45948 | Elf:2    | Found a runed gate.
 45961 | Elf:2    | Found a runed gate.
 45969 | Elf:2    | Found a runed gate.
 46046 | Elf:2    | Reached skill level 22 in Fighting
 46063 | Elf:2    | Reached skill level 4 in Spellcasting
 46676 | Elf:2    | Reached skill level 5 in Charms
 46773 | Elf:2    | Reached skill level 23 in Fighting
 46883 | Elf:3    | Entered Level 3 of the Elven Halls
 47033 | Elf:3    | Found a deep blue altar of Sif Muna.
 47180 | Elf:3    | Noticed Hedningen's ghost (adept DsAc)
 47188 | Elf:3    | Noticed Hedningen's ghost (adept DsAc)
 47216 | Elf:3    | Killed Hedningen's ghost
 47221 | Elf:3    | Killed Hedningen's ghost
 47434 | Elf:3    | Reached skill level 5 in Spellcasting
 47820 | Elf:3    | Reached skill level 24 in Fighting
 47935 | Elf:3    | Reached XP level 23. HP: 206/206 MP: 23/29
 47947 | Elf:3    | Got a crude silver amulet
 48057 | Elf:3    | Reached skill level 6 in Charms
 48067 | Elf:3    | Got an ancient brass ring
 48112 | Elf:3    | Reached skill level 9 in Evocations
 48549 | Elf:3    | Reached skill level 18 in Dodging
 48555 | Elf:3    | Identified the Volume of the Mutagenic Volcanoes
 48657 | Elf:3    | Got an ichor-stained scale mail
 48659 | Elf:3    | Got a jewelled chain mail
 49153 | Depths:1 | Entered Level 1 of the Depths
 49250 | Depths:1 | Reached skill level 10 in Evocations
 49399 | Depths:1 | Paralysed by a great orb of eyes for 6 turns
 49513 | Depths:1 | Found a gateway to Hell.
 49573 | Depths:1 | Reached skill level 21 in Armour
 49959 | Depths:1 | Paralysed by a great orb of eyes for 4 turns
 50439 | Depths:2 | Reached skill level 19 in Dodging
 50453 | Depths:2 | Got a twitching brass ring
 50752 | Depths:2 | Noticed Hedningen's ghost (adept MiAc)
 50777 | Depths:2 | Killed Hedningen's ghost
 50777 | Depths:2 | Reached XP level 24. HP: 191/215 MP: 23/29
 50856 | Depths:2 | Found Ebeosaok's Gadget Boutique.
 50856 | Depths:2 | Found Ceddyodgh's Jewellery Emporium.
 50857 | Depths:2 | Found Vadurhir's Gadget Boutique.
 50905 | Depths:2 | Found a one-way gate to the infinite horrors of the Abyss.
 50968 | Depths:2 | Found Erumiewo's Demolitions Depot.
 51567 | Depths:3 | Found a gateway to a bazaar.
 51629 | Depths:3 | Reached skill level 22 in Armour
 51896 | Depths:3 | Reached skill level 11 in Evocations
 52051 | Depths:3 | Found the +5 demon whip "Spellbinder" {antimagic, MR+}
 52055 | Depths:3 | Identified A Primer on the Arcane Arts
 52064 | Depths:3 | Identified Ashroab's Collected Works on Shifting Curses
 52070 | Depths:3 | Learned a level 3 spell: Spectral Weapon
 52544 | Depths:3 | Found a one-way gate leading to the halls of Pandemonium.
 52650 | Bazaar   | Entered a bazaar
 52652 | Bazaar   | Found Astradoju's Assorted Antiques.
 52656 | Bazaar   | Found Qywavoh's Armour Boutique.
 52656 | Bazaar   | Found Eppav's Antique Armour Boutique.
 52657 | Bazaar   | Found Nadghucs's Antique Weapon Boutique.
 52677 | Bazaar   | Bought a papyrus book for 270 gold pieces
 52683 | Bazaar   | Bought a pair of runed boots for 285 gold pieces
 52693 | Bazaar   | Identified a +2 pair of boots of running (You bought it in a shop in a bazaar)
 52745 | Depths:5 | Entered Level 5 of the Depths
 52745 | Depths:5 | Found a gateway to a ziggurat.
 53217 | Depths:5 | Reached skill level 20 in Dodging
 53258 | Depths:5 | Reached skill level 12 in Evocations
 53484 | Depths:5 | Found Piac's Pet Rocks.
 53604 | Depths:5 | Found a gate to the Realm of Zot.
 53958 | Depths:4 | Reached skill level 23 in Armour
 54206 | Depths:4 | Found Qixt's Antique Armour Shoppe.
 54206 | Depths:4 | Found Emoff's Armour Emporium.
 54207 | Depths:4 | Found Kytsaps's Distillery.
 54209 | Depths:4 | Found Eklidghao's Jewellery Emporium.
 54270 | Depths:4 | Reached XP level 25. HP: 222/222 MP: 14/31
 54433 | Depths:4 | Found a corrupted altar of Lugonu.
 55016 | Lair:1   | Bought faintly humming storm dragon scales for 3400 gold pieces
 55016 | Lair:1   | Bought the cursed +3 crown of Eternal Torment {rTorment HP-- rN+++ SInv *Curse} for 1928 gold pieces
 55016 | Lair:1   | Found the cursed +3 crown of Eternal Torment {rTorment HP-- rN+++ SInv *Curse}
 55026 | Lair:1   | Identified the cursed +0 storm dragon scales "Xetuokeg" {+Inv rElec} (You bought it in a shop on level 1 of the Lair of Beasts)
 55109 | Lair:1   | Bought the amulet "Kuupsupnits" {Gourm *Contam rF++} for 929 gold pieces
 55320 | Depths:2 | Voluntarily entered the Abyss.
 55368 | Abyss:2  | Got a slimy glaive
 55576 | Abyss:2  | Found a corrupted altar of Lugonu.
 55994 | Abyss:2  | Reached skill level 13 in Evocations
 56045 | Abyss:3  | Found a viscous altar of Jiyva.
 56052 | Abyss:3  | Found a corrupted altar of Lugonu.
 56073 | Abyss:3  | Paralysed by you for 7 turns
 56296 | Abyss:3  | Paralysed by accursed screaming for 2 turns
 56305 | Abyss:3  | Paralysed by accursed screaming for 1 turns
 56464 | Abyss:3  | Reached skill level 21 in Dodging
 56911 | Abyss:3  | Found a snail-covered altar of Cheibriados.
 57358 | Abyss:3  | Found a corrupted altar of Lugonu.
 58065 | Abyss:4  | Reached skill level 24 in Armour
 58192 | Abyss:4  | Reached skill level 14 in Evocations
 58521 | Abyss:4  | Found a corrupted altar of Lugonu.
 58523 | Abyss:4  | Reached skill level 6 in Spellcasting
 58536 | Abyss:4  | Reached XP level 26. HP: 173/228 MP: 8/29
 58760 | Abyss:4  | Found a corrupted altar of Lugonu.
 59101 | Abyss:4  | Reached skill level 25 in Fighting
 59317 | Abyss:5  | Found a corrupted altar of Lugonu.
 59328 | Abyss:5  | Paralysed by accursed screaming for 1 turns
 59463 | Abyss:5  | Got an abyssal rune of Zot
 59484 | Abyss:5  | Found a corrupted altar of Lugonu.
 59510 | Abyss:5  | Paralysed by a great orb of eyes for 4 turns
 59568 | Abyss:5  | Reached skill level 22 in Dodging
 59707 | Abyss:6  | Reached skill level 7 in Spellcasting
 59763 | Abyss:6  | Found a one-way gate leading to the Realm of Zot.
 59813 | Depths:2 | Escaped the Abyss
 59884 | Zot:1    | Entered Level 1 of the Realm of Zot
 60091 | Zot:1    | Reached skill level 15 in Evocations
 60278 | Zot:1    | Reached skill level 5 in Translocations
 60324 | Zot:1    | Reached skill level 8 in Spellcasting
 60391 | Zot:1    | Reached skill level 6 in Translocations
 60398 | Zot:1    | Learned a level 1 spell: Summon Butterflies
 60410 | Zot:1    | Reached skill level 1 in Summonings
 60607 | Zot:1    | Reached skill level 2 in Summonings
 60607 | Zot:1    | Reached XP level 27. HP: 182/236 MP: 17/34
 60771 | Zot:1    | Reached skill level 3 in Summonings
 60887 | Zot:1    | Identified the Incunabulum of Curses
 60905 | Zot:1    | Learned a level 3 spell: Portal Projectile
 60917 | Zot:1    | Reached skill level 4 in Summonings
 60940 | Zot:1    | Reached skill level 1 in Hexes
 60947 | Zot:1    | Reached skill level 2 in Hexes
 61191 | Zot:2    | Reached skill level 3 in Hexes
 61196 | Zot:1    | Reached skill level 25 in Armour
 61273 | Zot:2    | Reached skill level 4 in Hexes
 61343 | Zot:2    | Reached skill level 5 in Hexes
 62176 | Zot:2    | Noticed Tiamat
 62236 | Zot:2    | Killed Tiamat
 62437 | Zot:2    | Identified the Grimoire of Moulding and Cold
 62506 | Zot:2    | Got a pitted scale mail
 62863 | Zot:3    | Reached skill level 23 in Dodging
 63067 | Zot:3    | Reached skill level 26 in Fighting
 63440 | Zot:3    | You fall through a shaft!
 63794 | Zot:4    | Reached skill level 26 in Armour
 63887 | Zot:4    | Reached skill level 16 in Evocations
 64312 | Zot:4    | Reached skill level 24 in Dodging
 64315 | Zot:4    | araganzar: !ac 13
 64315 | Zot:4    | beem: 1.69 armour skill per 1 AC for 13 base AC
 64315 | Zot:4    | araganzar: !calc 1.69*13
 64315 | Zot:4    | beem: 21.97
 64315 | Zot:4    | araganzar: !calc 1.69*14
 64315 | Zot:4    | beem: 23.66
 64315 | Zot:4    | araganzar: !calc 1.69*16
 64315 | Zot:4    | beem: 27.04
 64638 | Zot:5    | Entered Level 5 of the Realm of Zot
 65043 | Zot:5    | Reached skill level 27 in Fighting
 65202 | Zot:5    | Noticed an orb of fire
 65227 | Zot:5    | Killed an orb of fire
 65332 | Zot:5    | Noticed an orb of fire
 65339 | Zot:5    | Killed an orb of fire
 65621 | Zot:5    | Reached skill level 27 in Armour
 65818 | Zot:5    | Noticed an orb of fire
 65833 | Zot:5    | Killed an orb of fire
 66081 | Zot:5    | Noticed an orb of fire
 66100 | Zot:5    | Killed an orb of fire
 66106 | Zot:5    | Reached skill level 17 in Evocations
 66241 | Zot:5    | Noticed an orb of fire
 66264 | Zot:5    | Killed an orb of fire
 66512 | Zot:5    | Got the Orb of Zot
 66614 | Zot:5    | Reached skill level 25 in Dodging
 66634 | Zot:5    | Noticed Oramaug the pandemonium lord
 66660 | Zot:5    | Killed Oramaug the pandemonium lord
 66662 | Zot:5    | Noticed a seraph
 66676 | Zot:5    | Noticed Yrrereli the pandemonium lord
 66678 | Zot:5    | Noticed Lypsosed the pandemonium lord
 67140 | D:$      | Escaped with the Orb!

Vanquished Creatures
  5 orbs of fire (Zot:5)
  An ancient lich (Crypt:3)
  Sojobo (Vaults:2)
  Bai Suzhen (Crypt:2)
  Norris (Spider:3)
  4 Killer Klowns
  5 curse toes
  11 golden dragons
  A profane servitor (Abyss:4)
  The ghost of plsesad the Slayer, an adept DsAc of Okawaru (Crypt:1)
  12 bone dragons
  4 electric golems
  7 liches
  The ghost of Hedningen the Bludgeoner, an adept MiAc of Gozag (Depths:2)
  A pandemonium lord (Zot:5)
  Rupert (Spider:2)
  2 Hell Sentinels
  13 tentacled monstrosities
  23 Orb Guardians (Zot:5)
  A deep elf blademaster (Elf:2)
  4 deep elf master archers (Elf:3)
  8 quicksilver dragons
  2 titans
  2 krakens (Shoals:3)
  2 Executioners
  Polyphemus (Shoals:4)
  21 death cobs
  2 sphinxes
  Kirke (Shoals:1)
  The ghost of Hedningen the Demonic Blade, an adept DsAc of Uskayaw (Elf:3)
  11 tentacled starspawn
  3 draconian monks
  4 ancient champions
  14 shadow dragons
  The ghost of Hedningen the Bludgeoner, an adept DsAc of Gozag (Elf:3)
  18 storm dragons
  A warmonger (Zot:4)
  The ghost of plsesad the Archer, an adept DsAc of Okawaru (Shoals:2)
  A revenant (Crypt:2)
  15 deep elf sorcerers
  4 tengu reavers
  A daeva (Abyss:3)
  8 ghost moths
  8 frost giants
  9 draconian scorchers
  5 fire giants
  Louise (D:15)
  3 iron dragons
  A ghoul (Abyss:3)
  6 deep elf elementalists
  13 vault wardens
  5 draconian knights
  5 draconian shifters
  4 curse skulls
  12 emperor scorpions
  A balrug (Zot:5)
  2 cacodemons (Abyss:3)
  A juggernaut zombie (Depths:2)
  3 angels
  12 ironheart preservers
  19 very ugly things
  7 draconian stormcallers
  6 reapers
  8 draconian annihilators
  4 entropy weavers
  A vampire knight (D:15)
  13 stone giants
  2 blood saints
  A lorocyproca (Abyss:4)
  6 deep elf demonologists
  A black sun (Zot:5)
  11 deep elf annihilators
  15 yellow draconians
  17 green draconians
  2 dire elephants (Lair:6)
  15 black draconians
  9 purple draconians
  15 red draconians
  Snorg (D:11)
  11 eidola
  8 jiangshi (Crypt:1)
  11 white draconians
  A blizzard demon (Abyss:3)
  5 green deaths
  5 merfolk javelineers
  5 ettins
  7 deep elf death magi
  A mummy priest (Crypt:3)
  8 merfolk impalers (Shoals:4)
  A quicksilver dragon zombie (Crypt:3)
  8 deep elf high priests (Elf:3)
  14 yaktaur captains
  12 great orbs of eyes
  14 fire dragons
  Harold (Lair:1)
  A quicksilver dragon skeleton (Abyss:4)
  7 rakshasas
  13 vault guards
  A naga warrior (Abyss:2)
  The ghost of plsesad the Fighter, a journeyman DsAc of Ashenzari (D:12)
  13 ice dragons
  6 hydras
  3 merfolk aquamancers
  6 catoblepae
  8 centaur warriors
  3 merfolk avatars
  2 spriggan air magi
  An alligator snapping turtle (Shoals:3)
  3 death knights
  The ghost of plsesad the Carver, a novice DsAc of Okawaru (D:8)
  42 two-headed ogres
  7 tengu warriors
  A satyr (Shoals:4)
  9 deep troll shamans
  14 death yaks
  5 vampire magi
  A hell hog (Abyss:5)
  10 deep troll earth magi
  Urug (D:11)
  An orc high priest (Orc:1)
  17 ogre magi
  2 titan zombies (Crypt:3)
  4 spriggan berserkers
  41 thrashing horrors
  13 soul eaters
  23 deep elf knights
  A titan skeleton (Depths:1)
  A storm dragon zombie (Crypt:3)
  27 wretched stars
  16 hell knights
  3 iron trolls
  A sun demon (Abyss:2)
  3 unseen horrors
  6 sixfirhies
  2 golden dragon zombies (Crypt:3)
  A storm dragon skeleton (Crypt:3)
  2 anaconda zombies
  A sea snake (shapeshifter) (Abyss:3)
  20 skeletal warriors
  7 spatial maelstroms
  7 sea snakes
  71 starcursed masses
  A flayed ghost (Abyss:4)
  2 shadow demons
  A kraken simulacrum (Shoals:4)
  A swamp dragon (shapeshifter) (Vaults:3)
  64 large abominations
  A quicksilver dragon simulacrum (Abyss:3)
  A swamp dragon (Zot:2)
  A death drake (Abyss:3)
  31 deep trolls
  5 glowing orange brains
  18 deep elf archers
  2 lindwurms (Lair:6)
  11 phantasmal warriors
  An obsidian statue (D:14)
  An orange crystal statue (Depths:3)
  2 gelid demonspawn
  11 harpies
  17 orb spiders
  5 wizards
  23 orc knights
  6 ironbrand convokers
  10 wolf spider zombies
  37 wolf spiders
  29 necromancers
  2 stone giant zombies
  2 shadow dragon skeletons (Crypt:3)
  4 cyclopes
  3 orc sorcerers
  50 ugly things
  A mana viper (Abyss:3)
  A tengu skeleton (Depths:2)
  66 deep elf magi
  2 iron dragon skeletons (Crypt:3)
  2 salamanders (Volcano)
  A sphinx skeleton (Depths:2)
  6 fauns
  12 manticores
  8 worldbinders
  2 frost giant zombies (Crypt:3)
  A faun (shapeshifter) (Vaults:2)
  A fire giant skeleton (Depths:1)
  3 stone giant skeletons
  27 moths of wrath
  6 apocalypse crabs (Abyss:3)
  Joseph (D:7)
  3 guardian serpents
  3 water nymphs
  A dire elephant zombie (Crypt:3)
  2 centaur zombies (D:10)
  2 elephants (Lair:6)
  3 ice statues
  14 vault sentinels
  3 rust devils
  7 merfolk sirens
  10 spiny frogs
  2 frost giant skeletons
  7 orange demons
  5 black mambas
  A dire elephant skeleton (Abyss:4)
  4 torpor snails
  21 smoke demons
  2 gargoyles
  A black draconian zombie (Zot:4)
  A shock serpent skeleton (Crypt:2)
  14 rime drakes
  2 emperor scorpion zombies
  A hellion (Abyss:5)
  7 efreet
  14 freezing wraiths
  57 yaktaurs
  A ghost moth simulacrum (Crypt:1)
  2 komodo dragons (Lair:2)
  2 kobold demonologists
  14 redback zombies
  A yaktaur (shapeshifter) (Vaults:4)
  14 demonic crawlers
  25 hellwings
  An ice devil (Abyss:3)
  An anaconda simulacrum (Crypt:1)
  3 guardian mummies
  3 harpy zombies
  18 ancient zymes
  A silent spectre (Abyss:3)
  8 trolls
  6 tengu conjurers
  4 wind drakes
  2 wind drakes (shapeshifter)
  43 jumping spiders
  12 merfolk
  2 polar bears
  A hornet (shapeshifter) (Vaults:1)
  38 raiju
  4 ettin zombies
  2 harpy skeletons
  9 tarantella zombies (Spider:3)
  4 tyrant leeches (Spider:2)
  14 hornets
  6 slime creatures
  28 blink frogs
  6 snapping turtles
  A spriggan zombie (Depths:2)
  A stone giant simulacrum (Abyss:3)
  8 boulder beetles
  2 dream sheep (Lair:6)
  An ice dragon zombie (Depths:1)
  A frost giant simulacrum (Abyss:2)
  11 hippogriffs
  12 neqoxecs
  A spriggan skeleton (Depths:2)
  11 spriggans
  A flying skull (Abyss:2)
  4 air elementals
  3 shadows
  16 water elementals
  7 wyverns
  98 redbacks
  26 tarantellas
  9 wraiths
  7 ynoxinuls
  4 fire bats
  3 vampires
  A black mamba skeleton (Crypt:3)
  3 ice dragon skeletons
  6 basilisks
  31 yaks
  A hog (shapeshifter) (Vaults:1)
  A fire bat (shapeshifter) (Vaults:3)
  6 golden eyes
  An ushabti (Crypt:3)
  A steam dragon (D:12)
  2 spriggan simulacra (Depths:1)
  3 fire elementals
  7 vampire mosquitoes
  15 chaos spawn
  4 wargs
  Menkaure (D:5)
  A hungry ghost (D:7)
  A swamp worm (shapeshifter) (Depths:2)
  2 yaktaur simulacra
  2 nagas (Abyss:2)
  11 water moccasins
  A monstrous demonspawn skeleton (Crypt:2)
  3 deep troll skeletons
  5 insubstantial wisps
  A soldier ant (shapeshifter) (Vaults:4)
  8 spatial vortices
  6 acid dragons
  A human skeleton (Depths:1)
  A floating eye (Depths:3)
  A floating eye (shapeshifter) (Elf:1)
  10 hell hounds
  5 porcupines
  6 phantoms
  A sky beast (shapeshifter) (Vaults:2)
  A swamp drake (D:11)
  7 sky beasts
  A swamp dragon zombie (Crypt:2)
  16 ice beasts
  53 orc warriors
  A spiny frog skeleton (Crypt:3)
  2 eyes of draining (shapeshifter)
  An ice dragon simulacrum (Abyss:4)
  4 necrophages
  41 ogres
  4 boggarts (D:15)
  11 wolves (Lair:6)
  A snapping turtle skeleton (Crypt:3)
  10 crocodiles
  6 eyes of draining
  31 centaurs
  A lindwurm skeleton (Crypt:1)
  A swamp dragon skeleton (Abyss:3)
  4 elf zombies
  2 big kobolds
  A fire crab zombie (Crypt:2)
  31 small abominations
  A wyvern zombie (D:12)
  2 gnoll sergeants
  14 bullfrogs
  3 earth elementals
  5 wyvern skeletons
  7 scorpions
  A water moccasin skeleton (D:7)
  A polar bear zombie (Crypt:1)
  A raiju zombie (Crypt:2)
  16 killer bees
  A polar bear skeleton (Crypt:1)
  A swamp dragon simulacrum (Abyss:4)
  A human simulacrum (Vaults:1)
  9 wights
  5 electric eels
  4 howler monkeys
  16 crimson imps
  3 bullfrog zombies
  6 quasits
  A wolf skeleton (Crypt:2)
  7 hounds
  2 human zombies
  3 bullfrog skeletons
  4 centaur skeletons
  2 jellies (D:15)
  Crazy Yiuf (D:7)
  A gnoll shaman (D:10)
  16 orc priests
  41 orc wizards
  2 iron imps
  Natasha (thrice) (D:2)
  4 iguanas
  11 worker ants
  11 sheep
  4 hound skeletons
  3 mummies (Ossuary)
  A howler monkey zombie (Crypt:2)
  Robin (D:1)
  12 gnolls
  A howler monkey skeleton (D:8)
  22 adders
  4 shadow imps
  A steam dragon skeleton (Crypt:1)
  7 white imps
  An ufetubus (Abyss:3)
  11 oozes
  4 adder skeletons
  5 adder zombies
  5 worms
  17 leopard geckos
  113 orcs
  15 giant cockroaches
  13 goblins
  12 hobgoblins
  4 jackals (D:4)
  6 quokkas
  13 ball pythons
  9 bats
  16 frilled lizards
  4 goblin zombies (Ossuary)
  5 hobgoblin zombies
  2 jackal zombies
  10 kobolds
  5 kobold zombies
  A leopard gecko zombie (D:5)
  A quokka skeleton (D:4)
  A quokka zombie (Ossuary)
  11 rats
  A rat zombie (Ossuary)
  A fungus (D:7)
  4 lurking horrors
  A plant (Spider:3)
  10 starspawn tentacles
  9 tentacles
  4 withered plants (Crypt:3)
3133 creatures vanquished.

Vanquished Creatures (collateral kills)
  Tiamat (Zot:2)
1 creature vanquished.

Vanquished Creatures (others)
  A draconian monk (Zot:3)
  A deep elf elementalist (Elf:3)
  A two-headed ogre (Vaults:3)
  31 dancing weapons
  A shadow wraith (Vaults:4)
  A deep troll (Depths:4)
  An ironbrand convoker (Vaults:3)
  A deep elf mage (Elf:2)
  A ynoxinul (Abyss:5)
  2 neqoxecs (Abyss:6)
  2 humans (Shoals:1)
  2 small abominations
  2 ogres
  An orc (Orc:2)
  16 fungi
  A lurking horror (Abyss:2)
  13 plants
  107 spectral weapons
  12 starspawn tentacles
  12 tentacles
  3 withered plants (Crypt:3)
212 creatures vanquished.

Grand Total: 3346 creatures vanquished
